Map: Last Remnant

Players

MooEsqoo

  • Race: Protoss Protoss
  • Spawn Location: 1:00

Adrian

  • Race: Zerg Zerg
  • League: Platinum
  • Spawn Location: 12:00

pudding

  • Race: Zerg Zerg
  • Spawn Location: 3:00

SERG

  • Race: Terran Terran
  • Spawn Location: 12:00

Bobinus - Winner!

  • Race: Protoss Protoss
  • Spawn Location: 9:00

politicum - Winner!

  • Race: Terran Terran
  • Spawn Location: 6:00

LiGhTiNg - Winner!

  • Race: Terran Terran
  • Spawn Location: 6:00

Lym - Winner!

  • Race: Protoss Protoss
  • Spawn Location: 7:00

VOD

Have the link to the VOD?

Description

Time

  • Played on: Nov. 19, 2019, 5:25 p.m.
  • Length: 21:51
Show
View Real Time Build Order
Export as new Build Order

MooEsqoo Protoss 

Build Orders: 1 Gate Expand, Carriers 

Get SALT Encoding   

  12  0:02  Probe  
  13  0:23  Pylon  
  13  0:37  Probe  
  14  0:43  Gateway  
  14  0:49  Assimilator  
  14  0:50  Probe (Chrono Boost)  
  15  1:02  Probe (Chrono Boost)  
  16  1:09  Probe (Chrono Boost)  
  17  1:25  Nexus  
  17  1:28  Probe  
  18  1:36  Cybernetics Core  
  18  1:40  Probe  
  19  1:48  Pylon  
  19  1:53  Probe  
  20  2:04  Assimilator  
  20  2:05  Probe  
  23  2:17  Adept  
  23  2:18  Warp Gate  
  23  2:23  Probe  
  24  2:36  Probe  
  25  2:41  Probe  
  26  2:48  Adept  
  28  2:56  Gateway  
  28  3:01  Robotics Facility  
  28  3:18  Stalker  
  30  3:24  Stargate  
  30  3:34  Probe  
  31  3:36  Probe  
  31  3:37  Assimilator  
  32  3:48  Stalker  
  32  3:50  Stalker  
  32  3:53  Warp Prism  
  38  4:00  Pylon  
  38  4:13  Twilight Council  
  38  4:15  Probe  
  38  4:16  Probe  
  40  4:24  Oracle (Chrono Boost)  
  43  4:44  Stalker  
  45  4:49  Stalker  
  47  5:18  Assimilator  
  47  5:21  Probe  
  48  5:25  Probe  
  48  5:27  Oracle (Chrono Boost)  
  49  5:33  Probe  
  53  5:37  Probe  
  53  5:40  Pylon  
  53  5:42  Pylon  
  54  5:45  Pylon  
  54  5:47  Pylon  
  54  5:49  Pylon  
  54  5:58  Immortal, Probe x2  
  60  6:10  Probe x2  
  62  6:22  Probe x2  
  64  6:29  Stalker  
  66  6:44  Gateway  
  66  6:46  Gateway  
  66  6:47  Stalker  
  66  6:49  Gateway  
  66  6:50  Charge  
  66  6:51  Gateway  
  66  6:53  Gateway  
  68  7:02  Immortal (Chrono Boost)  
  72  7:10  Oracle (Chrono Boost)  
  75  7:28  Templar Archives  
  75  7:33  Probe  
  76  7:52  Oracle  
  76  7:56  Nexus  
  76  8:18  High Templar  
  76  8:19  High Templar  
  80  8:20  High Templar x2  
  84  8:28  Archon  
  84  8:32  Archon  
  84  8:52  Forge  
  81  9:15  Probe  
  82  9:18  Assimilator  
  82  9:22  Assimilator  
  82  9:24  Pylon  
  82  9:27  Pylon  
  82  9:28  Probe  
  83  9:33  Stargate  
  83  9:36  Stargate  
  83  9:39  Stargate  
  83  9:40  Stargate, Probe  
  84  9:52  Probe  
  85  10:00  Probe  
  85  10:04  Probe  
  85  10:06  Probe  
  88  10:11  Stalker x2  
  88  10:12  Probe, Stalker x2  
  97  10:16  Probe  
  97  10:18  Probe  
  99  10:24  Probe  
  101  10:28  Probe  
  101  10:30  Probe  
  102  10:36  Probe  
  87  11:29  Stalker  
  87  11:30  Stalker x4  
  87  11:31  Stalker  
  99  11:47  Fleet Beacon  
  99  12:01  Pylon  
  99  12:03  Pylon  
  99  12:05  Pylon  
  99  12:07  Pylon  
  99  12:09  Pylon  
  99  12:10  Psionic Storm  
  99  12:21  Immortal (Chrono Boost)  
  103  12:28  Pylon  
  103  12:30  Pylon  
  103  12:32  Pylon, Carrier x2 (Chrono Boost)  
  103  12:33  Carrier (Chrono Boost)  
  103  12:34  Carrier (Chrono Boost)  
  103  12:36  Carrier (Chrono Boost)  
  127  12:42  Pylon  
  133  12:45  Pylon  
  133  12:57  Immortal  
  137  13:03  Protoss Air Weapons Level 1 (Chrono Boost)  
  137  13:15  Pylon  
  137  13:17  Pylon  
  137  13:19  Pylon  
  137  13:21  Pylon  
  137  13:29  Carrier  
  137  13:33  Carrier  
  149  13:45  Protoss Ground Weapons Level 1 (Chrono Boost)  
  149  13:52  Carrier  
  159  14:39  Carrier (Chrono Boost)  
  159  14:52  Carrier (Chrono Boost)  
  159  14:53  Carrier (Chrono Boost)  
  159  14:55  Carrier (Chrono Boost)  
  177  15:12  Carrier (Chrono Boost)  
  177  16:15  Carrier x2  
  177  16:16  Carrier  
  175  17:24  Carrier x2  
  39  19:57  Nexus  
  39  21:30  Nexus  
Show
View Real Time Build Order
Export as new Build Order

Adrian Zerg 

Build Orders: Hatch First, Lurkers 

Get SALT Encoding   

  12  0:02  Drone  
  13  0:12  Drone  
  14  0:19  Overlord  
  14  0:38  Drone x3  
  17  0:57  Drone  
  17  0:59  Hatchery  
  17  1:05  Drone  
  17  1:11  Extractor, Drone  
  18  1:26  Drone  
  19  1:37  Spawning Pool  
  18  1:47  Drone  
  18  1:48  Hatchery  
  18  1:51  Drone  
  19  2:04  Drone  
  19  2:08  Drone  
  21  2:22  Extractor, Drone  
  21  2:25  Queen  
  21  2:28  Queen  
  25  2:33  Drone x3  
  28  2:40  Overlord  
  28  3:00  Queen  
  28  3:02  Drone  
  31  3:09  Drone  
  31  3:10  Drone x5  
  37  3:14  Drone  
  38  3:21  Lair  
  38  3:24  Extractor  
  37  3:28  Extractor, Drone  
  37  3:30  Drone x2  
  39  3:34  Extractor  
  39  3:35  Extractor, Drone  
  38  3:44  Drone x2  
  38  3:45  Drone  
  38  3:46  Drone  
  42  3:50  Overlord x2  
  42  3:52  Overlord  
  42  4:16  Drone x3  
  45  4:18  Drone x2  
  47  4:26  Hydralisk Den  
  47  4:28  Spore Crawler  
  45  4:34  Drone, Spire x2  
  45  4:35  Drone x2  
  45  4:37  Drone x3  
  49  4:39  Drone x3  
  49  4:44  Drone x3  
  55  5:03  Lurker Den  
  55  5:06  Infestation Pit  
  53  5:07  Grooved Spines  
  53  5:13  Drone x3  
  56  5:16  Drone x8  
  56  5:19  Drone x2  
  66  5:31  Overlord  
  66  5:32  Overlord x3  
  66  5:41  Overseer  
  66  5:51  Hydralisk x3  
  66  5:52  Hydralisk x5  
  82  6:08  Nydus Network  
  81  6:14  Hive  
  81  6:16  Pneumatized Carapace  
  81  6:18  Muscular Augments  
  81  6:20  Burrow  
  81  6:36  Drone x3  
  81  6:37  Drone  
  85  6:41  Spore Crawler  
  85  6:44  Spore Crawler  
  83  7:00  Lurker x8  
  91  7:30  Zerg Flyer Weapons Level 1  
  91  7:31  Zerg Flyer Armor Level 1  
  91  7:45  Nydus Canal  
  91  7:51  Drone x2  
  91  7:52  Drone  
  91  7:54  Adaptive Talons  
  94  8:08  Hatchery  
  94  8:09  Extractor  
  94  8:11  Extractor  
  91  8:22  Nydus Canal  
  91  8:29  Viper x2  
  91  8:31  Overlord  
  91  8:32  Overlord x9  
  97  8:37  Metabolic Boost  
  97  8:46  Extractor  
  96  8:50  Extractor, Hatchery  
  96  8:54  Viper x2  
  96  8:55  Viper x2  
  106  9:00  Viper  
  109  9:08  Drone  
  109  9:09  Drone x4  
  115  9:10  Drone x4  
  118  9:30  Drone  
  119  9:56  Adrenal Glands  
  119  10:15  Queen  
  121  10:27  Zerg Flyer Weapons Level 2, Greater Spire  
  121  10:54  Queen  
  121  10:55  Spore Crawler  
  121  10:56  Spore Crawler x3  
  117  10:57  Spore Crawler  
  117  10:58  Queen, Spore Crawler x2  
  116  11:05  Spine Crawler x2  
  114  11:14  Corruptor  
  114  11:15  Corruptor x21  
  158  11:20  Drone  
  158  11:23  Drone x2  
  153  11:33  Spore Crawler  
  143  11:55  Drone x3  
  146  12:24  Drone  
  146  12:25  Drone  
  146  12:28  Drone x4  
  152  12:32  Queen  
  154  12:46  Drone x4  
  158  12:56  Spore Crawler  
  157  12:58  Spore Crawler  
  157  12:59  Spore Crawler  
  157  13:00  Spore Crawler  
  154  13:06  Drone  
  154  13:08  Queen  
  154  13:09  Drone x3  
  160  13:18  Overseer  
  160  13:28  Queen  
  160  13:32  Queen  
  164  13:45  Drone  
  164  13:46  Drone x6  
  118  14:26  Corruptor  
  118  14:27  Corruptor x16  
  152  14:32  Overlord x3  
  152  14:33  Overlord  
  152  14:34  Overlord x2  
  152  14:37  Drone x2  
  154  14:41  Extractor  
  153  15:04  Overseer x3  
  153  15:05  Overseer  
  153  15:30  Brood Lord x4  
  153  15:31  Brood Lord x4  
  153  15:35  Viper x6  
  169  15:36  Viper x4  
  196  15:57  Spine Crawler x2  
  196  15:58  Spine Crawler  
  196  15:59  Spine Crawler  
  196  16:01  Spine Crawler  
  190  16:10  Spore Crawler  
  190  16:11  Spore Crawler  
  145  17:09  Brood Lord x4  
  145  17:10  Brood Lord x6  
  145  17:11  Brood Lord  
  145  17:12  Brood Lord  
  169  17:16  Corruptor x13  
  195  17:26  Hatchery  
Show
View Real Time Build Order
Export as new Build Order

pudding Zerg 

Build Orders: Hatch First 

Get SALT Encoding   

  12  0:01  Drone  
  13  0:13  Overlord  
  13  0:18  Drone  
  14  0:31  Drone x2  
  14  0:35  Drone  
  17  0:57  Drone  
  17  0:58  Hatchery  
  17  1:02  Drone  
  18  1:13  Extractor  
  17  1:18  Spawning Pool  
  17  1:21  Drone  
  17  1:24  Drone  
  18  1:28  Drone  
  19  1:40  Overlord  
  19  1:50  Drone  
  20  2:09  Queen  
  20  2:10  Queen  
  20  2:12  Zergling x4  
  20  2:15  Drone  
  27  2:17  Metabolic Boost  
  27  2:23  Drone x2  
  29  2:36  Spine Crawler  
  28  2:40  Drone  
  28  2:42  Drone, Baneling Nest  
  29  3:09  Hatchery  
  28  3:17  Drone x2  
  28  3:18  Drone x4  
  34  3:33  Baneling x2  
  34  3:34  Baneling x2  
  34  3:35  Drone x2  
  34  3:39  Overlord  
  36  3:55  Spore Crawler  
  35  3:56  Drone, Spore Crawler  
  35  4:03  Drone x2  
  35  4:04  Overlord  
  37  4:18  Drone  
  37  4:19  Drone x5  
  37  4:20  Lair  
  37  4:23  Queen  
  45  4:33  Drone x3  
  45  4:34  Overlord  
  48  4:39  Evolution Chamber  
  48  4:41  Evolution Chamber  
  44  4:52  Zergling x10  
  49  4:55  Drone x5  
  53  5:03  Extractor  
  53  5:05  Extractor, Drone x4  
  53  5:06  Extractor  
  54  5:09  Spore Crawler  
  54  5:14  Zerg Melee Weapons Level 1  
  53  5:24  Baneling x3  
  53  5:25  Baneling x2  
  53  5:35  Drone x5  
  58  5:41  Drone x3  
  58  5:42  Drone x4  
  65  5:47  Overlord x2  
  65  5:57  Drone  
  66  6:09  Zergling x14  
  66  6:10  Zergling x8, Nydus Network  
  76  6:18  Zergling x4  
  78  6:22  Spore Crawler  
  78  6:23  Spore Crawler  
  76  6:31  Zergling x6  
  79  6:51  Nydus Canal  
  79  7:00  Overlord  
  79  7:01  Overlord  
  64  7:50  Zerg Ground Armor Level 1  
  60  7:51  Spire  
  60  7:52  Drone x5  
  60  7:53  Drone x9  
  60  7:57  Extractor  
  60  7:58  Extractor  
  71  8:02  Hatchery  
  70  8:15  Spore Crawler  
  70  8:16  Spore Crawler  
  70  8:17  Drone x5  
  73  8:20  Spore Crawler x2  
  71  8:33  Overlord x2  
  71  8:34  Overlord x2  
  71  8:40  Hatchery  
  70  8:53  Drone x4  
  70  8:54  Drone x2  
  76  9:06  Corruptor x10  
  76  9:08  Infestation Pit  
  95  9:44  Overlord  
  95  9:45  Overlord x2  
  95  9:48  Zerg Melee Weapons Level 2  
  95  9:49  Corruptor  
  95  9:50  Corruptor x7  
  111  9:54  Hive  
  111  9:55  Overlord x2  
  111  10:39  Corruptor x10  
  111  10:40  Corruptor x2  
  127  11:08  Corruptor x5  
  135  11:11  Overlord x2  
  131  11:45  Corruptor x6  
  121  12:14  Corruptor x3  
  121  12:15  Corruptor x2  
  121  12:37  Corruptor x3  
  127  12:50  Adrenal Glands  
  123  13:18  Corruptor  
  123  13:19  Corruptor x4  
  133  13:27  Greater Spire  
Show
View Real Time Build Order
Export as new Build Order

SERG Terran 

Build Orders:  

Get SALT Encoding   

  12  0:03  SCV  
  13  0:15  Supply Depot  
  13  0:19  SCV  
  14  0:31  SCV  
  15  0:43  Barracks, SCV  
  16  0:56  SCV  
  17  1:07  Barracks  
  17  1:08  SCV  
  18  1:13  Barracks  
  18  1:20  SCV  
  19  1:40  Refinery  
  19  1:44  Engineering Bay  
  19  1:46  Refinery  
  19  1:48  SCV  
  20  1:58  Supply Depot  
  20  2:00  SCV  
  21  2:02  Marine  
  21  2:03  Marine  
  23  2:19  Marine  
  23  2:20  SCV  
  25  2:24  Supply Depot  
  25  2:27  Marine  
  25  2:28  Marine  
  27  2:32  SCV  
  28  2:40  Terran Infantry Weapons Level 1  
  28  2:43  Marine  
  29  2:48  Supply Depot  
  29  3:48  Marine x3  
  25  3:54  Supply Depot  
  27  4:06  Marine x2  
  27  4:07  Barracks Tech Lab  
  29  4:18  Supply Depot  
  29  4:23  Marine  
  29  4:24  Marine  
  30  4:27  Combat Shield  
  31  4:34  Terran Infantry Armor Level 1  
  31  4:36  SCV  
  32  4:41  Marine x2, Factory  
  34  4:48  Marine, SCV  
  36  4:55  Command Center  
  36  4:59  Marine x2  
  38  5:01  SCV  
  38  5:05  Marine  
  37  5:29  Factory Tech Lab  
  37  5:31  Starport  
  37  5:42  SCV  
  38  5:54  SCV  
  38  5:55  Armory  
  39  6:06  SCV  
  39  6:08  Refinery  
  39  6:09  Siege Tank  
  43  6:15  Infernal Pre-Igniter  
  43  6:18  SCV  
  44  6:19  Starport Tech Lab  
  44  6:27  SCV  
  44  6:28  Neosteel Armor  
  44  6:30  SCV  
  46  6:38  Refinery  
  47  6:40  SCV  
  47  6:42  Siege Tank  
  50  6:52  SCV  
  50  6:53  SCV  
  52  6:58  Terran Vehicle And Ship Armor Level 1  
  52  7:04  SCV  
  52  7:05  SCV  
  54  7:16  SCV  
  54  7:18  SCV  
  56  7:28  SCV  
  57  7:33  Fusion Core  
  57  7:34  Drilling Claws  
  57  7:40  SCV  
  57  7:43  Supply Depot  
  58  7:44  Supply Depot  
  58  7:52  SCV  
  59  8:03  Command Center  
  59  8:06  Supply Depot x2  
  59  8:08  Hi-Sec Auto Tracking  
  59  8:31  Battlecruiser  
  65  8:34  Advanced Ballistics  
  65  8:38  Weapon Refit  
  65  8:52  Smart Servos, Terran Ship Weapons Level 1  
  65  9:05  Terran Infantry Weapons Level 2  
  65  9:41  Supply Depot  
  65  9:43  Supply Depot  
  65  9:45  Supply Depot  
  65  9:47  Supply Depot  
  65  9:48  Supply Depot  
  65  9:53  Battlecruiser  
  71  10:11  Mag-Field Accelerator  
  65  10:42  Factory  
  65  10:45  Factory  
  65  10:46  Terran Vehicle And Ship Armor Level 2  
  65  10:47  Factory  
  65  10:51  Supply Depot  
  65  10:53  Supply Depot  
  65  10:54  Supply Depot  
  65  11:01  Supply Depot  
  64  11:13  Widow Mine  
  66  11:30  Factory Reactor  
  66  11:31  Factory Reactor  
  66  11:32  Factory Reactor  
  66  11:35  Widow Mine  
  68  11:56  Widow Mine  
  70  12:18  Widow Mine  
  61  12:38  Widow Mine  
  61  12:39  Widow Mine x6  
  75  13:00  Widow Mine x5  
  75  13:01  Widow Mine x2  
  75  13:03  Terran Vehicle And Ship Armor Level 3  
  89  13:13  Supply Depot  
  89  13:15  Supply Depot  
  89  13:16  Supply Depot x2  
  89  13:21  Widow Mine x2  
  89  13:22  Widow Mine x5  
  101  13:43  Widow Mine x5  
  109  14:13  Widow Mine x2  
  109  14:14  Widow Mine x5  
  123  14:35  Widow Mine x6  
  123  14:36  Widow Mine  
  133  14:56  Widow Mine x3  
  133  14:57  Widow Mine x4  
  107  15:17  Widow Mine  
  107  15:18  Widow Mine x6  
  109  15:39  Widow Mine x5  
  109  15:40  Terran Ship Weapons Level 2, Widow Mine x2  
  123  16:00  Widow Mine x3  
  123  16:01  Widow Mine x4  
  135  16:22  Widow Mine x6  
  135  16:23  Widow Mine  
  115  16:44  Widow Mine  
  83  17:05  Widow Mine x5  
  83  17:06  Widow Mine x2  
  89  17:26  Widow Mine x2  
  89  17:27  Widow Mine x5  
  75  17:48  Widow Mine x6  
  75  17:49  Widow Mine  
  87  18:09  Widow Mine x4  
  87  18:10  Widow Mine x3  
  69  19:26  Widow Mine x4  
  69  19:27  Widow Mine x3  
  73  19:47  Widow Mine  
  73  19:48  Widow Mine x6  
  87  20:09  Widow Mine x5  
  87  20:10  Widow Mine x2  
  101  20:30  Widow Mine x2  
  101  20:31  Widow Mine x3  
Show
View Real Time Build Order
Export as new Build Order

Bobinus Protoss - Winner!

Build Orders: Forge Fast Expand (FFE), Carriers 

Get SALT Encoding   

  12  0:05  Probe  
  13  0:26  Pylon  
  13  0:28  Probe (Chrono Boost)  
  14  0:38  Probe (Chrono Boost)  
  15  0:50  Forge  
  15  0:52  Probe  
  16  1:14  Nexus  
  16  1:17  Probe (Chrono Boost)  
  17  1:26  Probe (Chrono Boost)  
  17  1:31  Gateway  
  18  1:35  Probe  
  19  1:42  Assimilator  
  19  1:48  Probe  
  20  2:01  Photon Cannon  
  20  2:06  Pylon  
  20  2:14  Probe (Chrono Boost)  
  22  2:23  Probe (Chrono Boost)  
  22  2:25  Photon Cannon  
  22  2:32  Pylon  
  22  2:36  Pylon  
  22  2:42  Cybernetics Core  
  22  2:49  Probe (Chrono Boost)  
  25  2:59  Probe x2 (Chrono Boost)  
  25  3:04  Probe (Chrono Boost)  
  25  3:06  Probe  
  27  3:16  Probe (Chrono Boost)  
  27  3:17  Pylon  
  28  3:26  Photon Cannon, Probe (Chrono Boost)  
  29  3:30  Probe (Chrono Boost)  
  29  3:31  Photon Cannon  
  30  3:35  Assimilator  
  30  3:36  Probe (Chrono Boost)  
  30  3:39  Assimilator, Probe (Chrono Boost)  
  32  3:57  Photon Cannon  
  32  3:59  Photon Cannon  
  32  4:02  Photon Cannon  
  32  4:03  Probe  
  32  4:06  Photon Cannon  
  32  4:07  Assimilator  
  33  4:16  Probe  
  34  4:18  Stargate  
  34  4:27  Probe (Chrono Boost)  
  35  4:33  Pylon  
  36  4:39  Probe (Chrono Boost)  
  36  4:40  Probe (Chrono Boost)  
  37  4:48  Stargate, Probe x2 (Chrono Boost)  
  37  4:51  Stargate  
  39  4:53  Probe (Chrono Boost)  
  39  4:56  Pylon  
  40  5:00  Pylon  
  40  5:05  Pylon, Probe  
  41  5:08  Pylon  
  41  5:15  Nexus  
  41  5:17  Probe  
  42  5:33  Pylon  
  42  5:38  Pylon  
  42  5:42  Fleet Beacon  
  42  5:55  Protoss Air Weapons Level 1 (Chrono Boost)  
  42  6:00  Photon Cannon  
  42  6:03  Photon Cannon  
  42  6:06  Photon Cannon  
  42  6:09  Photon Cannon  
  42  6:12  Photon Cannon  
  42  6:14  Photon Cannon  
  41  6:27  Probe (Chrono Boost)  
  42  6:36  Carrier (Chrono Boost)  
  42  6:37  Probe (Chrono Boost)  
  42  6:39  Carrier (Chrono Boost)  
  55  6:42  Probe (Chrono Boost)  
  56  6:50  Carrier (Chrono Boost)  
  56  6:53  Probe  
  63  7:00  Assimilator  
  63  7:04  Assimilator  
  63  7:06  Probe  
  64  7:08  Photon Cannon  
  64  7:11  Photon Cannon  
  64  7:12  Photon Cannon  
  64  7:18  Probe  
  64  7:19  Pylon  
  65  7:23  Photon Cannon  
  65  7:30  Probe  
  66  7:41  Carrier (Chrono Boost)  
  66  7:43  Carrier (Chrono Boost), Probe  
  79  7:55  Probe  
  80  7:58  Carrier  
  86  8:07  Probe  
  87  8:19  Probe  
  88  8:29  Protoss Shields Level 1  
  88  8:31  Probe  
  89  8:35  Protoss Air Weapons Level 2 (Chrono Boost)  
  89  8:43  Probe  
  89  8:46  Carrier  
  96  8:52  Robotics Facility  
  96  9:01  Probe  
  97  9:08  Carrier  
  103  9:13  Probe  
  104  9:25  Probe  
  105  9:35  Cybernetics Core  
  105  9:37  Photon Cannon  
  106  9:41  Probe x2 (Chrono Boost)  
  106  9:44  Photon Cannon  
  107  9:50  Probe (Chrono Boost)  
  109  9:53  Probe (Chrono Boost)  
  109  9:58  Nexus  
  109  10:00  Pylon  
  109  10:01  Probe  
  109  10:04  Pylon  
  109  10:06  Pylon  
  110  10:08  Carrier  
  110  10:09  Carrier  
  110  10:14  Probe  
  123  10:26  Probe  
  123  10:27  Photon Cannon  
  124  10:31  Photon Cannon  
  124  10:35  Shield Battery  
  124  10:38  Probe  
  124  10:39  Shield Battery  
  124  10:40  Shield Battery  
  124  10:42  Shield Battery  
  119  10:48  Photon Cannon x2  
  119  10:50  Photon Cannon  
  119  10:52  Photon Cannon  
  119  10:54  Photon Cannon  
  119  10:55  Photon Cannon  
  119  11:00  Photon Cannon  
  119  11:05  Photon Cannon  
  119  11:09  Photon Cannon  
  119  11:13  Photon Cannon  
  119  11:19  Assimilator, Probe (Chrono Boost)  
  120  11:25  Assimilator  
  120  11:30  Probe (Chrono Boost)  
  121  11:35  Probe (Chrono Boost)  
  116  12:03  Shield Battery  
  116  12:05  Shield Battery  
  116  12:06  Shield Battery  
  116  12:08  Pylon  
  116  12:13  Carrier  
  116  12:14  Carrier x2  
  128  12:24  Protoss Air Armor Level 1 (Chrono Boost)  
  128  12:31  Protoss Air Weapons Level 3 (Chrono Boost)  
  128  12:32  Probe (Chrono Boost)  
  129  12:42  Probe (Chrono Boost)  
  130  12:45  Photon Cannon  
  130  12:47  Photon Cannon, Probe (Chrono Boost)  
  130  12:50  Photon Cannon  
  131  12:52  Photon Cannon  
  132  12:58  Probe  
  132  13:07  Observer  
  132  13:10  Probe  
  134  13:16  Twilight Council  
  134  13:20  Stargate x2  
  134  13:22  Probe  
  135  13:28  Observer  
  136  13:35  Carrier  
  136  13:36  Carrier x2  
  154  14:15  Carrier x2  
  166  14:21  Pylon  
  166  14:30  Pylon  
  166  14:35  Pylon  
  166  14:39  Pylon  
  166  14:43  Pylon  
  160  14:47  Pylon  
  160  14:50  Carrier x2  
  160  14:51  Carrier  
  160  14:52  Pylon  
  172  14:57  Photon Cannon, Pylon  
  172  15:00  Photon Cannon  
  160  15:32  Carrier  
  166  15:55  Carrier  
  172  15:58  Carrier  
  195  17:37  Carrier (Chrono Boost)  
  140  18:07  Carrier x2 (Chrono Boost)  
  67  20:10  Carrier  
Show
View Real Time Build Order
Export as new Build Order

politicum Terran - Winner!

Build Orders:  

Get SALT Encoding   

  12  0:01  SCV  
  13  0:14  Supply Depot  
  13  0:18  SCV  
  14  0:30  SCV  
  15  0:48  Barracks  
  15  0:52  SCV  
  16  0:58  Refinery  
  16  1:10  SCV  
  17  1:12  Barracks  
  17  1:18  Refinery  
  17  1:22  SCV  
  18  1:34  SCV  
  19  1:49  Barracks Reactor  
  19  1:51  Supply Depot  
  19  2:01  Barracks Reactor, Supply Depot  
  19  2:14  Engineering Bay  
  19  2:15  SCV  
  20  2:27  SCV  
  21  2:34  Reaper x2  
  23  2:39  Reaper x2  
  25  2:49  SCV  
  26  2:55  Sensor Tower  
  26  3:04  SCV  
  27  3:14  Missile Turret  
  27  3:16  SCV  
  28  3:26  Marine x4  
  32  3:48  Reaper x3  
  33  3:49  Reaper  
  35  4:04  Missile Turret  
  35  4:05  Missile Turret  
  35  4:06  Hi-Sec Auto Tracking  
  35  4:08  Orbital Command  
  35  4:35  Factory  
  28  5:36  Command Center  
  28  5:38  Factory Reactor  
  28  5:47  Ghost Academy x2  
  28  5:49  Ghost Academy  
  28  5:51  Barracks  
  28  6:06  Missile Turret  
  28  6:08  Missile Turret  
  28  6:11  SCV  
  29  6:21  Supply Depot  
  29  6:22  Terran Infantry Armor Level 1  
  29  6:23  SCV  
  30  6:26  Armory  
  30  6:35  SCV  
  31  6:45  Barracks Tech Lab  
  31  7:20  Ghost  
  31  7:22  Personal Cloaking  
  33  7:25  Nuke x2  
  33  7:29  Widow Mine  
  35  7:42  Starport  
  35  7:48  Ghost  
  35  8:01  Supply Depot  
  35  8:16  SCV  
  36  8:24  Starport Reactor  
  36  8:27  Supply Depot  
  36  8:28  SCV  
  36  8:30  Terran Vehicle And Ship Armor Level 1  
  36  8:32  Supply Depot  
  37  8:37  Widow Mine x2  
  37  8:40  SCV  
  42  8:48  Nuke, Missile Turret  
  42  8:49  Supply Depot  
  42  8:52  SCV, Missile Turret  
  42  8:54  Missile Turret  
  43  8:56  Refinery, Supply Depot  
  43  8:57  Refinery  
  43  8:58  Widow Mine  
  43  9:02  Missile Turret  
  45  9:05  SCV  
  47  9:17  SCV  
  47  9:21  Ghost Academy  
  47  9:22  Ghost  
  49  9:29  SCV, Supply Depot  
  50  9:48  SCV  
  51  10:00  SCV  
  52  10:12  SCV  
  53  10:15  Viking  
  53  10:16  Viking  
  57  10:22  Supply Depot  
  57  10:24  SCV  
  57  10:25  Terran Vehicle Weapons Level 1  
  58  10:36  SCV  
  59  10:45  Viking  
  59  10:46  Viking  
  63  10:54  Supply Depot  
  63  11:15  Viking x2  
  67  11:20  Starport  
  67  11:45  Medivac x2  
  71  12:01  Orbital Command  
  71  12:04  Starport Reactor  
  71  12:15  Viking x2  
  71  12:19  Terran Ship Weapons Level 1  
  70  12:45  Viking x2  
  70  12:48  Widow Mine  
  70  12:49  Widow Mine  
  78  12:55  Viking x2  
  82  13:04  Nuke  
  82  13:10  Widow Mine x2  
  86  13:15  Viking x2  
  86  13:18  SCV  
  91  13:25  Viking x2  
  95  13:30  SCV  
  95  13:31  Refinery, Widow Mine x2  
  99  13:36  Refinery  
  99  13:42  SCV  
  99  13:45  Viking x2  
  98  13:53  Widow Mine  
  98  13:54  SCV  
  96  14:15  Viking x2  
  96  14:32  Nuke x4  
  96  14:34  Viking  
  96  14:35  Viking  
  96  14:37  Terran Ship Weapons Level 2  
  100  14:44  Hellbat x2  
  100  14:45  Viking x2  
  94  15:05  Hellbat x2  
  98  15:26  Hellbat  
  98  15:27  Hellbat  
  102  15:29  SCV  
  103  15:41  SCV  
  104  15:52  Ghost  
  104  15:53  SCV  
  104  15:54  Widow Mine x2  
  111  16:01  Viking x3  
  111  16:02  Viking  
  119  16:05  SCV  
  120  16:15  Widow Mine  
  120  16:16  Widow Mine  
  78  16:31  Viking  
  80  16:53  Terran Vehicle And Ship Armor Level 2  
  60  17:38  Viking x4  
  60  17:42  Ghost  
  53  18:08  Viking x2  
  44  18:39  Ghost  
  45  18:41  Nuke  
  42  19:07  Ghost  
  44  19:50  Ghost  
  46  19:53  Nuke x3  
  46  19:58  Widow Mine x2  
  50  20:19  Widow Mine x2  
  54  20:41  Widow Mine x2  
  56  21:02  Widow Mine x2  
  32  21:38  Supply Depot  
  32  21:47  Supply Depot  
Show
View Real Time Build Order
Export as new Build Order

LiGhTiNg Terran - Winner!

Build Orders:  

Get SALT Encoding   

  12  0:01  SCV  
  13  0:16  Supply Depot  
  13  0:19  SCV  
  14  0:25  Refinery  
  14  0:34  SCV  
  15  0:43  Barracks  
  15  0:48  SCV  
  16  1:00  SCV  
  17  1:09  Barracks  
  17  1:14  SCV  
  18  1:26  SCV  
  18  1:32  Barracks  
  19  1:33  Marine  
  19  1:39  SCV  
  21  1:47  Supply Depot  
  21  1:52  Marine  
  22  1:55  SCV  
  23  2:09  Marine  
  24  2:21  Barracks Tech Lab  
  24  2:25  Factory  
  24  2:26  Orbital Command  
  24  2:29  Refinery  
  24  2:41  Barracks Reactor  
  24  2:43  Barracks Tech Lab  
  24  2:53  SCV  
  25  3:02  Marine x2  
  28  3:05  SCV  
  28  3:17  Stimpack  
  27  3:20  Marine  
  27  3:45  Barracks Tech Lab  
  27  3:46  Barracks Reactor  
  26  3:55  Factory Tech Lab  
  26  4:08  Command Center  
  26  4:14  SCV  
  26  4:16  Marine, Marauder  
  30  4:18  Command Center  
  30  4:20  Concussive Shells  
  30  4:26  SCV  
  31  4:36  Barracks Reactor  
  31  4:43  SCV, Supply Depot  
  32  4:55  SCV  
  32  4:57  Starport  
  33  5:07  SCV  
  33  5:14  Combat Shield  
  34  5:18  Siege Tank  
  34  5:20  SCV  
  38  5:28  SCV  
  39  5:32  SCV  
  40  5:39  Viking  
  40  5:40  SCV  
  43  5:44  SCV x2  
  39  6:17  SCV x3  
  41  6:29  SCV x2  
  41  6:30  Engineering Bay, SCV  
  44  6:36  Starport Reactor  
  44  6:38  Marine  
  44  6:39  Marine x2  
  47  6:41  SCV x2  
  47  6:42  SCV  
  47  6:45  Starport  
  50  6:58  SCV x2  
  53  7:03  Orbital Command  
  53  7:08  Refinery  
  52  7:09  Refinery  
  52  7:10  SCV x2  
  52  7:13  Marine x4  
  58  7:31  Marine x2  
  60  7:48  Viking x2  
  64  7:55  SCV x2, Missile Turret  
  64  7:56  SCV  
  67  8:02  Refinery  
  67  8:07  SCV x2  
  70  8:18  Viking x2  
  70  8:19  SCV  
  76  8:20  Orbital Command, SCV  
  75  8:27  Starport Reactor  
  75  8:30  Supply Depot  
  75  8:32  SCV x2  
  77  8:35  Supply Depot x3  
  77  8:36  Supply Depot  
  77  8:38  Supply Depot  
  77  8:51  SCV x3  
  80  8:58  Supply Depot  
  80  8:59  Viking x2  
  80  9:01  Armory  
  80  9:02  Supply Depot  
  84  9:03  SCV x3  
  84  9:04  Armory  
  84  9:06  Missile Turret  
  84  9:07  Missile Turret x2  
  87  9:14  Refinery  
  87  9:15  SCV  
  87  9:16  SCV x2  
  90  9:18  Marine  
  90  9:19  Marine  
  90  9:20  Marine  
  93  9:28  SCV x3  
  93  9:29  Armory  
  96  9:40  SCV  
  97  9:53  Viking x4  
  105  10:00  Terran Ship Weapons Level 1  
  105  10:01  Terran Vehicle And Ship Armor Level 1  
  105  10:10  Terran Infantry Weapons Level 1  
  105  10:23  Viking x4  
  113  10:28  Starport  
  113  10:31  Starport  
  113  10:53  Viking  
  107  11:11  Viking  
  107  11:12  Viking x3, Starport Reactor  
  112  11:33  Marine  
  112  11:34  Marine x3  
  112  11:38  Thor  
  122  11:51  Marine x4  
  124  12:09  Marine x2  
  124  12:12  Terran Vehicle And Ship Armor Level 2, Terran Ship Weapons Level 2  
  124  12:15  Terran Vehicle Weapons Level 1  
  126  12:20  Thor  
  126  12:21  Marine x2  
  134  12:26  Marine  
  134  12:27  Marine  
  125  12:38  Marine  
  125  12:39  Marine  
  124  12:44  Marine  
  124  12:45  Marine  
  124  12:56  Marine  
  124  12:57  Marine  
  124  12:58  Starport Reactor  
  126  13:02  Marine  
  126  13:03  Marine, Thor  
  134  13:08  Terran Infantry Armor Level 1  
  134  13:14  Marine x2, Engineering Bay  
  136  13:20  Marine x2  
  136  13:26  Viking x4  
  146  13:27  Viking x2  
  146  13:32  Marine x2  
  152  13:38  Marine  
  153  13:50  Marine  
  154  13:56  Viking x2  
  153  14:30  Medivac  
  153  14:31  Viking x4  
  157  14:32  Viking x3  
  169  15:00  Viking  
  169  15:01  Viking x5  
  169  15:02  Viking x2  
  173  15:26  Siege Tank  
  173  15:28  Marine x4  
  177  15:30  Viking  
  177  15:31  Viking x5  
  177  15:32  Viking x2  
  196  15:45  Marine  
  196  15:46  Marine x3  
  198  16:36  Terran Vehicle And Ship Armor Level 3  
  198  16:37  Terran Ship Weapons Level 3  
  198  16:38  Terran Vehicle Weapons Level 2  
  198  16:39  Terran Infantry Armor Level 2  
  197  16:41  Terran Infantry Weapons Level 2  
  147  17:03  Viking  
  147  17:04  Viking x7  
  147  17:05  Marine  
  147  17:06  Marine x3  
  161  17:23  Marine  
  161  17:24  Marine x3  
  165  17:33  Viking  
  165  17:34  Viking x7  
  181  17:41  Marine x4  
  180  17:59  Marine x2  
  180  18:00  Marauder x2  
  182  18:17  Marine x2  
  161  18:21  Marauder x2  
  151  18:34  Marine  
  151  18:35  Marine  
  139  18:42  Marine x2  
  121  18:52  Marine  
  121  18:53  Marine  
  119  19:00  Marine  
  118  19:10  Marine x2  
  119  19:18  Marine  
  112  19:28  Marine x2  
  102  19:36  Marauder  
  104  19:46  Marine  
  104  19:47  Marine  
  104  19:50  Barracks x2  
  106  19:54  Barracks  
  106  19:57  Marauder  
  108  20:01  Command Center  
  108  20:03  Marine  
  109  20:09  Missile Turret  
  109  20:10  Missile Turret  
  109  20:18  Siege Tank  
  109  20:20  Medivac x6  
  119  20:39  Barracks  
  115  20:51  Siege Tank  
Show
View Real Time Build Order
Export as new Build Order

Lym Protoss - Winner!

Build Orders: Nexus First 

Get SALT Encoding   

  12  0:03  Probe  
  13  0:15  Probe  
  14  0:27  Probe  
  15  0:48  Nexus  
  15  0:57  Pylon  
  15  1:16  Probe  
  16  1:26  Gateway  
  16  1:28  Probe  
  16  1:31  Assimilator  
  17  1:35  Assimilator  
  17  1:40  Probe (Chrono Boost)  
  17  1:41  Pylon  
  18  1:51  Probe (Chrono Boost)  
  19  1:55  Probe (Chrono Boost)  
  20  2:06  Probe  
  20  2:08  Gateway  
  21  2:10  Probe  
  22  2:17  Cybernetics Core  
  22  2:18  Probe  
  24  2:22  Probe  
  24  2:30  Probe  
  25  2:37  Probe  
  25  2:42  Probe  
  25  2:44  Gateway  
  27  2:49  Pylon  
  27  2:52  Pylon, Probe, Warp Gate (Chrono Boost)  
  28  3:00  Probe  
  29  3:22  Stalker x2  
  29  3:26  Gateway  
  33  3:31  Stalker  
  35  3:37  Twilight Council  
  35  3:57  Stargate  
  35  4:03  Pylon  
  35  4:05  Pylon, Probe x2  
  37  4:14  Charge  
  37  4:17  Probe  
  37  4:18  Probe  
  39  4:30  Probe x2  
  41  4:36  Nexus  
  41  4:42  Probe x2  
  41  4:44  Assimilator  
  43  4:47  Assimilator  
  43  5:06  Stargate  
  43  5:07  Stargate  
  43  5:15  Probe x2  
  45  5:27  Probe x2  
  47  5:32  Pylon  
  47  5:39  Probe x2  
  47  5:42  Pylon  
  49  5:45  Assimilator  
  49  5:48  Probe  
  50  5:50  Assimilator  
  50  6:00  Probe  
  51  6:04  Stalker x3  
  51  6:05  Stalker  
  59  6:12  Probe  
  60  6:29  Probe  
  61  6:35  Void Ray x3  
  73  6:41  Probe  
  74  6:52  Fleet Beacon  
  74  6:54  Protoss Air Weapons Level 1  
  74  6:59  Robotics Facility  
  74  7:05  Forge  
  74  7:11  Pylon  
  74  7:14  Pylon  
  59  7:17  Pylon  
  59  7:18  Void Ray  
  59  7:20  Stalker x4  
  61  7:59  Photon Cannon  
  61  8:17  Probe x2  
  63  8:23  Probe  
  64  8:29  Void Ray x3, Probe x2  
  64  8:33  Protoss Shields Level 1  
  78  8:35  Probe  
  78  8:36  Observer  
  80  8:41  Probe x2  
  80  8:47  Probe  
  83  8:53  Probe  
  83  8:54  Probe  
  85  9:06  Probe x2  
  87  9:18  Probe x2  
  87  9:21  Probe  
  90  9:30  Void Ray x3  
  102  9:33  Probe  
  104  9:45  Probe  
  104  10:13  Void Ray x3  
  116  10:20  Protoss Air Weapons Level 2  
  116  11:05  Void Ray x3  
  128  11:20  Stargate  
  128  11:22  Stargate  
  128  11:27  Stargate  
  120  11:48  Void Ray x3  
  128  12:13  Tempest  
  133  12:21  Tempest  
  133  12:22  Tempest  
  123  12:30  Void Ray  
  123  12:31  Void Ray  
  131  13:08  Pylon  
  131  13:09  Pylon  
  131  13:11  Pylon  
  131  13:12  Pylon  
  131  13:13  Pylon  
  131  13:15  Pylon  
  131  13:17  Pylon  
  131  13:26  Void Ray  
  131  15:27  Tempest x3  
  131  15:28  Tempest x3  
  161  15:37  Pylon  
  161  15:38  Pylon  
  161  15:40  Pylon  
  161  16:10  Tempest  
  82  17:02  Tempest x5  
  82  17:03  Tempest  
  112  17:28  Protoss Shields Level 2  
  95  17:52  Protoss Air Weapons Level 3  
  89  18:51  Tempest x3  
  89  18:52  Tempest x3  
  119  19:42  Tempest x3  
  119  19:43  Tempest x3  
  149  19:52  Observer  
  150  20:14  Observer  
  151  20:35  Observer  
  152  20:56  Observer  
  152  21:18  Observer  
Tags
 
Add a new tag
Caveats
  • Supply blocks, unpowered buildings, or Contaminate may cause inaccurate times.
  • Supply counts are checked every 10 seconds.